 Dungeon Crawl Stone Soup version 0.27-a0-1590-g15f69828bf (webtiles) character file.

Game seed: 2833840830968269588

84 bande the Shield-Bearer (level 4, -14/28 HPs)
             Began as a Gargoyle Fighter on July 18, 2021.
             Demolished by Crazy Yiuf (26 damage)
             ... on level 2 of the Dungeon.
             The game lasted 00:01:55 (2366 turns).

bande the Shield-Bearer (Gargoyle Fighter)          Turns: 2366, Time: 00:01:57

Health: -14/28     AC: 10    Str: 21    XL:     4   Next: 45%
Magic:  4/4        EV:  7    Int:  8    God:
Gold:   103        SH:  9    Dex:  9    Spells: 3/3 levels left

rFire    . . .     SeeInvis +   a - +0 war axe
rCold    . . .     Faith    .   c - +0 kite shield
rNeg     + . .     Spirit   .   b - +0 scale mail
rPois    ∞         Reflect  .   (no helmet)
rElec    +         Harm     .   (no cloak)
rCorr    .         Rampage  .   (no gloves)
Will     .....                  (no boots)
Stlth    ..........             (no amulet)
HPRegen  0.09/turn              e - ring of see invisible
MPRegen  0.09/turn              (no ring)

@: no status effects
A: sickness immunity, AC +3, negative energy resistance 1, electricity
resistance, torment resistance 1, petrification resistance
a: no special abilities


You were on level 2 of the Dungeon.
You visited 1 branch of the dungeon, and saw 2 of its levels.

You collected 103 gold pieces.

Inventory:

Hand Weapons
 a - a +0 war axe (weapon)
Armour
 b - a +0 scale mail (worn)
 c - a +0 kite shield (worn)
Jewellery
 e - a ring of see invisible (left hand)
Potions
 d - a potion of might
 f - 2 potions of attraction {unknown}
 g - 2 potions of curing {unknown}
 i - a potion of lignification {unknown}


   Skills:
 + Level 3.5 Fighting
 + Level 2.5 Axes
 + Level 4.0 Armour
 + Level 0.6 Dodging
 + Level 4.1 Shields


You had 3 spell levels left.
You didn't know any spells.
Your spell library was empty.

Dungeon Overview and Level Annotations

Branches:
Dungeon (2/15)

Altars:
Dithmenos

Annotations:
D:2 Crazy Yiuf


Innate Abilities, Weirdness & Mutations

You are immune to sickness and miasma.
Your stone body is resilient. (AC +3)
You are immune to poison.
You resist negative energy. (rN+)
You are resistant to electric shocks. (rElec)
You are resistant to unholy torment.
You are immune to petrification.


Message History

A dart slug comes into view.
A dart slug is nearby!
You slash the dart slug!
The dart slug is almost dead.
The dart slug launches a dart at you.
The slug dart hits you but does no damage.
You hit the dart slug.
You kill the dart slug!
You see here a dart slug corpse.
Found a mace.
Found a runed translucent door.
Crazy Yiuf grits, "Powder tortoise ladder!"
Key pressed, stopping explore.
You see here a dart slug corpse.
You see here a +0 dagger.
Found 2 sapphire potions.
f - 2 sapphire potions No target in view!
Found a stone staircase leading up.
Crazy Yiuf shouts!
Could not explore, unopened runed door.
No reachable target in view!
You open the door. You hit Crazy Yiuf but do no damage.
You block Crazy Yiuf's attack.
Crazy Yiuf glowers.
You block Crazy Yiuf's attack.
You hit Crazy Yiuf.
Crazy Yiuf is lightly wounded.
Crazy Yiuf cries, "Aardvark ena broken!"
Crazy Yiuf hits you with a +4 quarterstaff of chaos.
Crazy Yiuf burns you. You block Crazy Yiuf's attack.
You hit Crazy Yiuf but do no damage.
Crazy Yiuf is lightly wounded.
Crazy Yiuf hits you with a +4 quarterstaff of chaos!
You barely miss Crazy Yiuf.
Crazy Yiuf is lightly wounded.
You block Crazy Yiuf's attack.
Crazy Yiuf hits you with a +4 quarterstaff of chaos.
Space warps horribly around you!!
Ouch! That really hurt!
You die...

#.######.#......## #.......#
###................#####.......#
........................>......#
......###################.######
........# ######### #####.#.##
♣♣♣♣♣##........ .........# ###
♣♣♣.♣..........## .####.#.##
#...#♣..♣.........#### .# #.#+##
#...g@♣♣♣♣........#... .####....#
#)..#♣♣ ♣♣....####.## .........#
### ♣♣#### #.#. ..###....#
#.####.#. ..#......# #.#..#.#.
..#......######### #####.#..#.##
..###.#.#......#.# #.....#..#...
......#'#.######.#####.#.##..####
####......# #........#.##..#...


You could see Crazy Yiuf.

Vanquished Creatures
  4 adders
  2 dart slugs (D:2)
  2 ball pythons (D:2)
  5 endoplasms
  3 giant cockroaches
  3 goblins
  5 hobgoblins
  3 jackals (D:2)
  A quokka (D:2)
  6 bats
  A frilled lizard (D:1)
  4 kobolds
  4 rats
43 creatures vanquished.

Notes
Turn   | Place    | Note
-------+----------+-------------------------------------------
     0 | D:1      | bande the Gargoyle Fighter began the quest for the Orb.
     0 | D:1      | Reached XP level 1. HP: 14/14 MP: 1/1
   433 | D:1      | Reached XP level 2. HP: 19/19 MP: 2/2
   809 | D:1      | Found a faded altar of an unknown god.
  1075 | D:1      | Reached XP level 3. HP: 10/23 MP: 3/3
  1568 | D:2      | Reached XP level 4. HP: 28/28 MP: 4/4
  1618 | D:2      | Found a shadowy altar of Dithmenos.
  2124 | D:2      | Found a runed translucent door.
  2125 | D:2      | Noticed Crazy Yiuf
  2366 | D:2      | Demolished by Crazy Yiuf

Illustrated notes

Levels and vault maps discovered:
D:1:      lemuel_arrival_cross, layout_loops_ring,
          shapermc_ecumenical_altar_mp_vishouse
D:2:      layout_basic, basic_altar, patterned_corridor, uniq_crazy_yiuf_cottage

Skill      XL: |  1  2  3  4 |
---------------+-------------+-----
Shields        | 4 |  4.1
Axes           | 2 |  2.5
Armour         | 4 |  4.0
Fighting       | |  3.5
Dodging        | |  0.6

Action                   |  1- 3 |  4- 6 || total
-------------------------+-------+-------++-------
Melee: War axe           |   112 |    44 ||   156
  Use: Scroll            |       |     3 ||     3
Armor: Scale mail        |   111 |    28 ||   139
Dodge: Dodged            |    73 |    14 ||    87
Block: Kite shield       |    79 |    23 ||   102

Table legend: (Time is in decaauts)
 A = Elapsed time spent in this place.
 B = Non-inter-level travel time spent in this place.
 C = Inter-level travel time spent in this place.
 D = Time resting spent in this place.
 E = Time spent auto-exploring this place.
 F = Levels seen in this place.
 G = Mean time per level.
                   A        B        C        D        E       F      G
               +--------+--------+--------+--------+--------+-----+--------+
         Total |   2464 |   2434 |     30 |    397 |   1645 |   2 | 1232.0 |
       Dungeon |   2464 |   2434 |     30 |    397 |   1645 |   2 | 1232.0 |
               +--------+--------+--------+--------+--------+-----+--------+

Top non-repeatable levels by time:
     D:1: 1526 daAuts
     D:2: 938 daAuts
